 Dungeon Crawl Stone Soup version 0.31.0-11-ge490571c62 (webtiles) character file.

Game seed: 12522239498353817538

457 inmateoo the Digger (level 7, -5/51 HPs)
             Began as a Gnoll Earth Elementalist on Jan 27, 2024.
             Slain by Pikel
             ... wielding a +1 whip of electrocution
              (7 damage)
             ... on level 4 of the Dungeon.
             The game lasted 00:05:30 (3073 turns).

inmateoo the Digger (Gnoll Earth Elementalist)      Turns: 3073, Time: 00:05:30

Health: -5/51      AC:  5    Str:  7    XL:     7   Next: 6%
Magic:  10/15      EV: 15    Int: 16    God:
Gold:   140        SH:  0    Dex: 19    Spells: 9/17 levels left

rFire   . . .        g - staff of earth
rCold   . . .        (no shield)
rNeg    . . .        a - +0 robe
rPois   .            v - +0 helmet
rElec   .            (no cloak)
rCorr   .            u - +0 pair of gloves
SInv    .            i - +0 pair of boots
Will    +....        (no amulet)
Stlth   +++          e - +6 ring of dexterity
HPRegen 0.28/turn    m - ring of willpower
MPRegen 0.14/turn

%: no passive effects
@: no status effects
A: fangs 1, strong nose, distributed training
a: no special abilities


You were on level 4 of the Dungeon.
You visited 1 branch of the dungeon, and saw 4 of its levels.

You collected 140 gold pieces.

Inventory:

Armour
 a - a +0 robe (worn)
 i - a +0 pair of boots (worn)
 u - a +0 pair of gloves (worn)
 v - a +0 helmet (worn)
Magical Staves
 g - a staff of earth (weapon)
Jewellery
 e - a +6 ring of dexterity (left hand)
 m - a ring of willpower (right hand)
Wands
 w - a wand of polymorph (12)
Scrolls
 c - a scroll of teleportation {unknown}
 j - 6 scrolls of identify {unknown}
 k - 2 scrolls of revelation {unknown}
 l - a scroll of poison {unknown}
 o - 3 scrolls of enchant weapon {unknown}
 s - a scroll of blinking {unknown}
 t - a scroll of immolation {unknown}
Potions
 b - 2 potions of magic
 d - a potion of cancellation {unknown}
 f - 2 potions of mutation {unknown}
 h - a potion of degeneration {unknown}
 n - a potion of heal wounds {unknown}
 p - a potion of lignification {unknown}
 q - a potion of curing {unknown}
 r - 2 potions of might {unknown}
 x - 2 potions of brilliance {unknown}


   Skills:
 + Level 2.3 Fighting
 + Level 2.3 Short Blades
 + Level 2.3 Long Blades
 + Level 2.3 Axes
 + Level 2.3 Maces & Flails
 + Level 2.3 Polearms
 + Level 2.3 Staves
 + Level 2.3 Ranged Weapons
 + Level 2.3 Throwing
 + Level 2.3 Armour
 + Level 5.1 Dodging
 + Level 4.8 Stealth
 + Level 2.3 Shields
 + Level 2.3 Unarmed Combat
 + Level 5.5 Spellcasting
 + Level 2.9 Conjurations
 + Level 1.9 Hexes
 + Level 1.9 Summonings
 + Level 1.9 Necromancy
 + Level 1.9 Translocations
 + Level 1.9 Fire Magic
 + Level 1.9 Ice Magic
 + Level 1.9 Air Magic
 + Level 5.8 Earth Magic
 + Level 1.9 Alchemy
 + Level 2.5 Invocations
 + Level 2.3 Evocations
 + Level 2.1 Shapeshifting


You had 9 spell levels left.
You knew the following spells:

 Your Spells              Type           Power      Damage    Failure   Level
a - Sandblast             Erth           68%        2d15      1%          1
b - Stone Arrow           Conj/Erth      54%        3d10      8%          3
c - Brom's Barrelling Bo  Conj/Erth      27%        2d5       24%         4

Your spell library contained the following spells:

 Spells                   Type           Power      Damage    Failure   Level
 Passwall                 Erth           34%        N/A       4%          3
 Mercury Vapours          Alch/Air       20%        N/A       10%         2
 Mephitic Cloud           Conj/Alch/Air  11%        N/A       17%         3
 Petrify                  Alch/Erth      25%        N/A       28%         4
 Freezing Cloud           Conj/Ice/Air   5%         6-21      85%         5


Dungeon Overview and Level Annotations

Branches:
Dungeon (4/15)
 Temple: D:4-7

Altars:
Trog
Wu Jian

Shops:
D:2 (

Annotations:
D:4 Pikel


Innate Abilities, Weirdness & Mutations

You have very sharp teeth.
Your uncanny sense of smell can sniff out nearby items.
Your experience applies equally to all skills.


Message History

Pikel hits you with a +1 whip of electrocution!
Casting: Sandblast (safe; 1% risk of failure)
Confirm with . or Enter, or press ? or * to list all spells.
Aiming: Sandblast (safe; 1% risk of failure)
Press: ? - help, Shift-Dir - straight line, f/p - Pikel
Aim: Pikel, wielding a +1 whip of electrocution and wearing a +0 robe (heavily wounded, 80% to hit)
You feel a surge of power!
The blast of sand hits Pikel!
Pikel is severely wounded.
Pikel hits you with a +1 whip of electrocution!
Pikel hits you with a +1 whip of electrocution.
You are electrocuted!
Casting: Sandblast (safe; 1% risk of failure)
Confirm with . or Enter, or press ? or * to list all spells.
Aiming: Sandblast (safe; 1% risk of failure)
Press: ? - help, Shift-Dir - straight line, f/p - Pikel
Aim: Pikel, wielding a +1 whip of electrocution and wearing a +0 robe (severely wounded, 80% to hit)
You feel a surge of power!
The blast of sand hits Pikel.
Pikel is almost dead.
Pikel misses you.
Casting: Sandblast (safe; 1% risk of failure)
Confirm with . or Enter, or press ? or * to list all spells.
Aiming: Sandblast (safe; 1% risk of failure)
Press: ? - help, Shift-Dir - straight line, f/p - Pikel
Aim: Pikel, wielding a +1 whip of electrocution and wearing a +0 robe (almost dead, 80% to hit)
You feel a surge of power!
The blast of sand hits Pikel.
Pikel is almost dead.
Pikel hits you with a +1 whip of electrocution.
* * * LOW HITPOINT WARNING * * *
Pikel hits you with a +1 whip of electrocution!
* * * LOW HITPOINT WARNING * * *
Casting: Sandblast (safe; 1% risk of failure)
Confirm with . or Enter, or press ? or * to list all spells.
Aiming: Sandblast (safe; 1% risk of failure)
Press: ? - help, Shift-Dir - straight line, f/p - Pikel
Aim: Pikel, wielding a +1 whip of electrocution and wearing a +0 robe (almost dead, 80% to hit)
You feel a surge of power!
The blast of sand hits Pikel.
Pikel is almost dead.
Pikel hits you with a +1 whip of electrocution!
You die...
Pikel says, "Another soul for the market."

....##.<#...........#
....................#
....##.###..........#
...###.# #..........#
....##.# #...<......#
....#..# #..........#
......## #####.55####
.....#### ###K########
........### ##@.......#
##.#..#...# #.........#
#..##..##.#####.........#
..####.##.......#########
.## #......#.#######
.#####....#....##...##
.......####..........##
######## #....†.......#
#..........^.#


You could see Pikel and 2 lemures.

Vanquished Creatures
  Menkaure (D:4)
  2 lemures
  2 bombardier beetles
  An iguana (D:4)
  Ijyb (D:4)
  Natasha (thrice) (D:3)
  Robin (D:4)
  3 adders
  3 dart slugs
  3 ribbon worms (D:2)
  6 ball pythons
  5 bats
  12 endoplasms
  3 giant cockroaches
  15 goblins
  5 hobgoblins
  12 jackals
  5 frilled lizards
  4 kobolds
  7 rats
94 creatures vanquished.

Vanquished Creatures (others)
  A boulder (D:4)
1 creature vanquished.

Grand Total: 95 creatures vanquished

Notes
Turn   | Place    | Note
-------+----------+-------------------------------------------
     0 | D:1      | inmateoo the Gnoll Earth Elementalist began the quest for
                  | the Orb.
     0 | D:1      | Reached XP level 1. HP: 13/13 MP: 6/6
   101 | D:1      | Reached XP level 2. HP: 19/19 MP: 5/7
   298 | D:1      | Reached skill level 5 in Spellcasting
   298 | D:1      | Reached XP level 3. HP: 25/25 MP: 3/9
   353 | D:1      | Found a faded altar of an unknown god.
   362 | D:1      | Learned a level 3 spell: Stone Arrow
   493 | D:1      | Reached skill level 1 in Invocations
   965 | D:2      | Reached skill level 1 in Fighting
   965 | D:2      | Reached skill level 1 in Short Blades
   965 | D:2      | Reached skill level 1 in Long Blades
   965 | D:2      | Reached skill level 1 in Axes
   965 | D:2      | Reached skill level 1 in Maces & Flails
   965 | D:2      | Reached skill level 1 in Polearms
   965 | D:2      | Reached skill level 1 in Staves
   965 | D:2      | Reached skill level 1 in Ranged Weapons
   965 | D:2      | Reached skill level 1 in Throwing
   965 | D:2      | Reached skill level 1 in Armour
   965 | D:2      | Reached skill level 1 in Shields
   965 | D:2      | Reached skill level 1 in Unarmed Combat
   965 | D:2      | Reached skill level 1 in Evocations
  1121 | D:2      | You fall into a shaft and drop 2 floors!
  1170 | D:3      | Noticed Natasha
  1178 | D:3      | Killed Natasha
  1179 | D:3      | Reached skill level 1 in Shapeshifting
  1179 | D:3      | Reached XP level 4. HP: 32/32 MP: 8/11
  1201 | D:3      | Reached skill level 1 in Hexes
  1201 | D:3      | Reached skill level 1 in Summonings
  1201 | D:3      | Reached skill level 1 in Necromancy
  1201 | D:3      | Reached skill level 1 in Translocations
  1201 | D:3      | Reached skill level 1 in Fire Magic
  1201 | D:3      | Reached skill level 1 in Ice Magic
  1201 | D:3      | Reached skill level 1 in Air Magic
  1201 | D:3      | Reached skill level 1 in Alchemy
  1232 | D:3      | Reached XP level 5. HP: 33/37 MP: 3/12
  1344 | D:3      | Found a bloodstained altar of Trog.
  1492 | D:3      | Noticed Natasha
  1496 | D:3      | Killed Natasha
  1666 | D:3      | Noticed Natasha
  1676 | D:3      | Killed Natasha
  2211 | D:2      | Found Aviacyon's Weapon Emporium.
  2364 | D:2      | Learned a level 4 spell: Brom's Barrelling Boulder
  2406 | D:4      | Noticed Robin
  2460 | D:4      | Reached XP level 6. HP: 30/44 MP: 10/14
  2523 | D:4      | Reached skill level 5 in Dodging
  2524 | D:4      | Found an ornate altar of the Wu Jian Council.
  2550 | D:4      | Killed Robin
  2665 | D:4      | Noticed Ijyb
  2674 | D:4      | Killed Ijyb
  2816 | D:4      | Noticed Menkaure
  2821 | D:4      | Killed Menkaure
  2822 | D:4      | Reached XP level 7. HP: 51/51 MP: 7/15
  2885 | D:4      | Noticed Pikel
  3072 | D:4      | HP: 2/51 [Pikel/+1 whip of electrocution (12)]
  3073 | D:4      | Slain by Pikel

Illustrated notes

Levels and vault maps discovered:
D:1:      giann_horns, layout_basic, nicolae_ecumenical_snake_handling
D:2:      layout_loops_cross, serial_shops, nicolae_shop_rolling_square,
          kennysheep_crisscross, kennysheep_decorative_pillar,
          grunt_ministairs_13
D:3:      layout_basic, lemuel_tele_altar, chequers_serial_rivers_marsh,
          st_stairs_4, uniq_natasha
D:4:      layout_rooms, nzn_wu_jian_council_hall, minmay_temple_entry_slanted,
          uniq_menkaure, uniq_robin, uniq_pikel, uniq_ijyb

Skill      XL: |  1  2  3  4  5  6 |
---------------+-------------------+-----
Conjurations   | 2 |  2.9
Spellcasting   | 5 |  5.5
Invocations    | 1 2 |  2.5
Fighting       | 1 2 |  2.3
Short Blades   | 1 2 |  2.3
Long Blades    | 1 2 |  2.3
Axes           | 1 2 |  2.3
Maces & Flails | 1 2 |  2.3
Polearms       | 1 2 |  2.3
Staves         | 1 2 |  2.3
Ranged Weapons | 1 2 |  2.3
Throwing       | 1 2 |  2.3
Armour         | 1 2 |  2.3
Shields        | 1 2 |  2.3
Unarmed Combat | 1 2 |  2.3
Evocations     | 1 2 |  2.3
Shapeshifting  | 1 2 |  2.1
Hexes          | 1 |  1.9
Summonings     | 1 |  1.9
Necromancy     | 1 |  1.9
Translocations | 1 |  1.9
Fire Magic     | 1 |  1.9
Ice Magic      | 1 |  1.9
Air Magic      | 1 |  1.9
Alchemy        | 1 |  1.9
Dodging        | 5 |  5.1
Stealth        | |  4.8
Earth Magic    | |  5.8

Action                     |  1- 3 |  4- 6 |  7- 9 || total
---------------------------+-------+-------+-------++-------
  Melee: Unarmed           |     1 |       |       ||     1
         Staff             |       |       |     4 ||     4
   Cast: Sandblast         |    44 |    78 |    16 ||   138
         Stone Arrow       |       |     7 |     3 ||    10
         Brom's Barrelling |       |       |     1 ||     1
 Armour: Robe              |     3 |    34 |    22 ||    59
  Dodge: Dodged            |     4 |    34 |    19 ||    57
